 Dungeon Sprint DCSS version 0.16.2-12-gd0ad4c3 (webtiles) character file.

196 Ponchio the Thaumaturge (level 5, -6/28 HPs)
             Began as a Deep Elf Fire Elementalist on Oct 24, 2015.
             Mangled by a slime creature (18 damage)
             ... in the Dungeon (Sprint I: "Red Sonja").
             The game lasted 00:06:32 (437 turns).

Ponchio the Thaumaturge (Deep Elf Fire Elementalist) Turns: 437, Time: 00:06:32

Health: -6/28      AC:  2    Str:  5    XL:     5   Next: 45%
Magic:  23/24      EV: 13    Int: 21    God:
Gold:   162        SH:  0    Dex: 15    Spells: 3 memorised, 16 levels left

rFire  . . .     SeeInvis .     d - +2 dagger (speed)
rCold  . . .     Clarity  .     e - +0 robe
rNeg   . . .     SustAb   .     (no shield)
rPois  +         Gourm    .     (no helmet)
rElec  .         Spirit   .     (no cloak)
rCorr  .         Warding  .     (no gloves)
rMut   .         NoTele   +     (no boots)
MR     .....                    (no amulet)
Stlth  ++........               (no ring)
                                h - ring of poison resistance

@: not resistant to hostile enchantments, unstealthy
A: no striking features
a: no special abilities


You were in the Dungeon.
You were not hungry.

You visited 1 branch You collected 162 gold pieces.

Inventory:

Hand weapons
 d - a +2 dagger of speed (weapon)
Armour
 a - a +0 robe
 e - a +0 robe (worn)
Jewellery
 h - a ring of poison resistance (left hand)
Scrolls
 i - a scroll of blinking
Potions
 f - a potion of haste
 g - 2 potions of magic
Books
 b - a book of Flames

   Spells                             Type                      Level
   a - Flame Tongue                   Conjuration/Fire             1
   b - Throw Flame                    Conjuration/Fire             2
   c - Conjure Flame                  Conjuration/Fire             3
   d - Inner Flame                    Hexes/Fire                   3
   e - Sticky Flame                   Conjuration/Fire             4
   f - Fireball                       Conjuration/Fire             5
Comestibles
 c - a bread ration


   Skills:
 - Level 2.4 Dodging
 - Level 2.4 Stealth
 + Level 10.1 Spellcasting
 + Level 8.1 Conjurations
 + Level 5.7 Fire Magic


You had 16 spell levels left.
You knew the following spells:

 Your Spells              Type           Power        Failure   Level  Hunger
a - Flame Tongue          Conj/Fire      #####        1%          1    None
b - Throw Flame           Conj/Fire      #####.       1%          2    None
c - Fireball              Conj/Fire      #####.....   14%         5    ####...


Dungeon Overview and Level Annotations

Branches:
Dungeon (1/1)

Altars:
Cheibriados
Dithmenos
Fedhas
Sif Muna
Vehumet
Jiyva


Message History

Confirm with . or Enter, or press ? or * to list all spells.
Aiming: Flame Tongue
Press: ? - help, Shift-Dir - straight line, f - slime creature
Aim: a slime creature The flame tongue hits the slime creature.
The slime creature is lightly wounded.
You hit the slime creature.
The slime creature is lightly wounded.
The slime creature hits you!
Ouch! That really hurt!
You hit the slime creature.
The slime creature is lightly wounded.
The slime creature completely misses you.
You hit the slime creature but do no damage.
The slime creature is lightly wounded.
You hit the slime creature.
The slime creature is lightly wounded.
The slime creature hits you!!
Ouch! That really hurt!
You die...

################ ##
#<.#..'..#.)'..#__#
#..[..#..'..#.@J..+
#.)#####'#####'#__#
#..# #..# #(# ##§§
#..# ####
##.#≈≈§.c# #..#
#+#..+≈≈≈§.+ #⌠⌠#
+..._#≈§≈.c# ####
#_.#+##+#### ##+#


You could see a slime creature.

Vanquished Creatures
  An ogre (D)
  Sigmund (D)
  A jelly (D)
  Ijyb (D)
4 creatures vanquished.

Notes
Turn   | Place    | Note
--------------------------------------------------------------
     0 | D        | Ponchio, the Deep Elf Fire Elementalist, began the quest for the Orb.
     0 | D        | Reached XP level 1. HP: 10/10 MP: 5/5
     4 | D        | Noticed Ijyb
    28 | D        | Killed Ijyb
    28 | D        | Reached skill level 5 in Spellcasting
    28 | D        | Reached XP level 2. HP: 11/15 MP: 0/11
   155 | D        | Learned a level 2 spell: Throw Flame
   158 | D        | Noticed an ogre
   166 | D        | Killed an ogre
   166 | D        | Reached skill level 8 in Spellcasting
   166 | D        | Reached XP level 3. HP: 15/19 MP: 8/18
   166 | D        | Reached XP level 4. HP: 18/24 MP: 9/21
   260 | D        | Noticed Sigmund
   267 | D        | Killed Sigmund
   267 | D        | Reached skill level 9 in Spellcasting
   267 | D        | Reached skill level 5 in Fire Magic
   267 | D        | Reached XP level 5. HP: 19/28 MP: 18/24
   387 | D        | Learned a level 5 spell: Fireball
   400 | D        | Found a deep blue altar of Sif Muna.
   401 | D        | Noticed a jelly
   402 | D        | Found a radiant altar of Vehumet.
   405 | D        | Killed a jelly
   405 | D        | Reached skill level 10 in Spellcasting
   427 | D        | Noticed a centaur warrior
   427 | D        | Noticed a centaur warrior
   432 | D        | Found a snail-covered altar of Cheibriados.
   432 | D        | Found a viscous altar of Jiyva.
   432 | D        | Found a shadowy altar of Dithmenos.
   432 | D        | Found a blossoming altar of Fedhas.
   432 | D        | Noticed a slime creature
   437 | D        | Mangled by a slime creature

Action                   |  1- 3 |  4- 6 || total
-------------------------+-------+-------++-------
Melee: Unarmed           |    16 |       ||    16
       Dagger            |       |     4 ||     4
 Cast: Flame Tongue      |     8 |    10 ||    18
  Use: Potion            |     2 |     1 ||     3
